 Dungeon Crawl Stone Soup version 0.29.1-12-g30fa7ad0bf (webtiles) character file.

Game seed: 9786915512964408132

112 tesmudgin the Trooper (level 4, 0/41 HPs)
             Began as a Minotaur Fighter on Jan 10, 2023.
             Slain by an orc wizard
             ... wielding a +0 dagger
              (2 damage)
             ... on level 2 of the Dungeon.
             The game lasted 00:04:52 (1479 turns).

tesmudgin the Trooper (Minotaur Fighter)            Turns: 1479, Time: 00:04:53

Health: 0/41       AC:  9    Str: 22    XL:     4   Next: 64%
Magic:  3/3        EV:  9    Int:  5    God:
Gold:   90         SH:  4    Dex: 10    Spells: 3/3 levels left

rFire   . . .      SeeInvis .   a - +0 war axe
rCold   . . .      Faith    .   c - +0 buckler
rNeg    . . .      Spirit   .   b - +0 scale mail
rPois   .          Reflect  .   (helmet restricted)
rElec   .          Harm     .   j - +0 cloak
rCorr   .          Rampage  .   l - +0 pair of gloves
Will    .....                   (no boots)
Stlth   ..........              (no amulet)
HPRegen 0.13/turn               (no ring)
MPRegen 0.08/turn               (no ring)

@: no status effects
A: horns 2, retaliatory headbutt
a: no special abilities


You were on level 2 of the Dungeon.
You visited 1 branch of the dungeon, and saw 2 of its levels.

You collected 90 gold pieces.

Inventory:

Hand Weapons
 a - a +0 war axe (weapon)
Armour
 b - a +0 scale mail (worn)
 c - a +0 buckler (worn)
 j - a +0 cloak (worn)
 l - a +0 pair of gloves (worn)
Scrolls
 g - a scroll of vulnerability
 h - a scroll of acquirement {unknown}
 i - 2 scrolls of enchant armour {unknown}
 k - a scroll of identify
Potions
 d - a potion of might
 e - 3 potions of magic {unknown}
 f - a potion of attraction {unknown}
 m - a potion of haste {unknown}
 n - a potion of curing {unknown}


   Skills:
 + Level 4.6 Fighting
 + Level 3.6 Axes
 + Level 4.5 Armour
 + Level 0.3 Dodging
 + Level 4.2 Shields


You had 3 spell levels left.
You didn't know any spells.
Your spell library was empty.

Dungeon Overview and Level Annotations

Branches:
Dungeon (2/15)

Altars:


Innate Abilities, Weirdness & Mutations

You have a pair of horns on your head.
You reflexively headbutt those who attack you in melee.


Message History

You slash something! Something hits you but does no damage. Something hits you.
You closely miss something. Something hits you.
You miss something. Your headbutt misses something.
An orc wizard appears from thin air!
Reactivating autopickup.
The orc wizard casts a spell at you.
You are confused.
The orc wizard casts a spell.
The orc wizard flickers and vanishes!
Deactivating autopickup; reactivate with Ctrl-A.
You bump into the rock wall.
A magic dart appears from out of thin air!
The magic dart hits you!
You see here a +0 sling.
You are too confused!
You are too confused!
You bump into the rock wall.
You feel less confused.
You barely miss something. Your headbutt misses something. Something hits you.
You hear some strange, mumbled words.
A puff of flame appears from out of thin air!
The puff of flame hits you.
* * * LOW HITPOINT WARNING * * *
Something hits you but does no damage.
You closely miss something. Something hits you.
* * * LOW HITPOINT WARNING * * *
Something hits you but does no damage.
You miss something. Your headbutt misses something.
Something hits you but does no damage. Something hits you.
* * * LOW HITPOINT WARNING * * *
You miss something. You block something's attack. Something hits you.
* * * LOW HITPOINT WARNING * * *
You closely miss something.
You hear some strange, mumbled words.
Something tries to affect you, but you resist.
You miss something. Something hits you.
* * * LOW HITPOINT WARNING * * *
Something hits you.
You die...

##.#..# #+####
#...# ##.## #
#.# #
#.########.##
#
#...........#
#
##########..##
# #...##
#..@.########
####{.)......
#)..).######
#.....#
#...........#
#.####......#
#......#
#........
......##..


There were no monsters in sight!

Vanquished Creatures
  An orc priest (D:2)
  3 adders (D:2)
  A dart slug (D:2)
  3 orcs (D:2)
  3 bats
  4 endoplasms
  3 giant cockroaches
  2 goblins (D:1)
  2 hobgoblins (D:1)
  9 jackals
  2 quokkas
  4 frilled lizards
  5 kobolds
  7 rats
49 creatures vanquished.

Notes
Turn   | Place    | Note
-------+----------+-------------------------------------------
     0 | D:1      | tesmudgin the Minotaur Fighter began the quest for the Orb.
     0 | D:1      | Reached XP level 1. HP: 19/19 MP: 0/0
     9 | D:1      | Noticed an ogre
   232 | D:1      | Reached XP level 2. HP: 27/27 MP: 1/1
   381 | D:1      | Found a faded altar of an unknown god.
   653 | D:1      | Reached XP level 3. HP: 32/33 MP: 2/2
  1275 | D:2      | Reached XP level 4. HP: 40/41 MP: 3/3
  1477 | D:2      | HP: 2/41 [something (1)]
  1479 | D:2      | Slain by an orc wizard

Illustrated notes

Levels and vault maps discovered:
D:1:      evilmike_arrival_come_back, layout_loops_corners,
          shapermc_ecumenical_altar_hornbeckon
D:2:      kennysheep_six_static_rooms, layout_basic, minmay_misc_feat_hallway

Skill      XL: |  1  2  3 |
---------------+----------+-----
Shields        | 4 |  4.2
Armour         | 4 |  4.5
Fighting       | 4 |  4.6
Axes           | 3 |  3.6
Dodging        | |  0.3

Action                   |  1- 3 |  4- 6 || total
-------------------------+-------+-------++-------
Melee: War axe           |    79 |    28 ||   107
       Headbutt          |    11 |       ||    11
  Use: Scroll            |     2 |       ||     2
Armor: Scale mail        |    55 |    16 ||    71
Dodge: Dodged            |    39 |     9 ||    48
Block: Buckler           |    16 |     4 ||    20
